Map: Tokamak LE

Players

IamFat - Winner!

  • Race: Zerg Zerg
  • League: Diamond
  • Spawn Location: 7:00

SubN

  • Race: Zerg Zerg
  • League: Diamond
  • Spawn Location: 1:00

VOD

Have the link to the VOD?

Description

Time

  • Played on: July 31, 2025, 12:02 p.m.
  • Length: 14:52
Show
View Real Time Build Order
Export as new Build Order

IamFat Zerg - Winner!

Build Orders: Hatch First, Lurkers 

Get SALT Encoding   

  12  0:00  Drone  
  13  0:08  Drone  
  14  0:15  Drone, Extractor  
  15  0:36  Hatchery  
  14  0:50  Spawning Pool  
  14  0:53  Drone  
  14  1:01  Overlord  
  14  1:08  Extractor  
  14  1:09  Drone  
  14  1:13  Drone, Extractor  
  15  1:20  Drone  
  16  1:30  Drone  
  17  1:36  Queen  
  17  1:39  Drone  
  20  1:49  Queen  
  22  2:01  Drone  
  23  2:04  Drone x2  
  23  2:06  Drone  
  26  2:18  Zergling x4  
  28  2:26  Overlord x2  
  28  2:49  Drone  
  28  2:50  Drone x6  
  22  3:20  Zergling x10  
  22  3:21  Zergling x2  
  28  3:38  Baneling Nest  
  25  4:02  Zergling x10  
  31  4:03  Zergling x2  
  30  4:15  Spine Crawler  
  29  4:24  Baneling x5  
  26  4:52  Hatchery  
  25  4:53  Hatchery  
  25  4:54  Lair  
  25  4:56  Drone  
  25  4:57  Drone  
  26  5:50  Drone x2  
  26  5:51  Drone x2  
  26  5:52  Pneumatized Carapace  
  26  5:53  Overlord  
  26  5:54  Overlord  
  30  6:04  Baneling x4  
  30  6:08  Queen  
  32  6:16  Extractor  
  32  6:18  Drone  
  32  6:20  Drone x7  
  32  6:21  Drone  
  40  6:41  Hydralisk Den  
  40  6:42  Drone  
  40  6:43  Drone x4  
  42  7:17  Lurker Den  
  42  7:20  Drone x5, Extractor  
  42  7:21  Extractor  
  44  7:23  Overlord x2  
  44  7:28  Baneling  
  44  7:29  Baneling x2  
  44  7:31  Queen  
  44  7:36  Drone x3  
  50  7:37  Drone x3  
  51  8:24  Hydralisk x7  
  64  8:42  Hatchery  
  64  8:47  Hatchery  
  54  9:10  Hydralisk x3  
  54  9:11  Hydralisk x5  
  62  9:20  Zergling x2  
  62  9:21  Zergling x6  
  66  9:26  Spine Crawler  
  66  9:27  Spine Crawler  
  61  9:40  Lurker x2  
  60  9:55  Lurker x2  
  60  10:02  Roach Warren  
  59  10:11  Overlord x3, Spine Crawler  
  59  10:12  Overlord  
  56  10:41  Lurker  
  55  10:43  Hatchery  
  51  11:11  Hydralisk  
  51  11:12  Hydralisk x8  
  69  11:37  Extractor x2  
  67  11:54  Lurker x2  
  68  11:55  Zergling x2  
  68  11:56  Zergling x8  
  74  12:34  Hatchery  
  70  13:13  Hydralisk  
  70  13:14  Hydralisk x7  
  70  13:15  Hydralisk x2  
  90  13:23  Grooved Spines  
  90  13:25  Metabolic Boost  
  90  13:33  Zergling x2  
  90  13:34  Zergling x12  
  94  13:48  Queen  
  96  13:57  Baneling x3  
  96  13:58  Baneling x5  
  96  14:00  Zergling x2  
  96  14:01  Zergling x12  
  103  14:08  Overlord x2  
  103  14:29  Zergling x2  
  103  14:30  Zergling x16  
  103  14:31  Zergling x4  
Show
View Real Time Build Order
Export as new Build Order

SubN Zerg 

Build Orders: Pool First 

Get SALT Encoding   

  12  0:00  Drone  
  13  0:08  Drone  
  14  0:15  Extractor  
  13  0:27  Spawning Pool  
  12  0:55  Hatchery  
  11  1:15  Queen  
  13  1:29  Metabolic Boost  
  13  1:35  Overlord  
  13  1:40  Zergling x2  
  14  1:55  Zergling x4  
  14  1:57  Zergling x2  
  17  2:07  Zergling x2  
  18  2:14  Zergling x2  
  19  2:18  Zergling x2  
  19  2:22  Zergling x2  
  21  2:25  Zergling x4  
  21  2:27  Zergling x2  
  24  2:39  Zergling x4  
  24  2:41  Zergling x2  
  27  2:55  Overlord  
  26  3:06  Overlord  
  16  3:24  Zergling x10  
  21  3:31  Zergling x2  
  22  3:37  Zergling x4  
  23  3:53  Zergling x4  
  25  4:12  Drone x5  
  25  4:13  Drone  
  31  4:24  Drone x2  
  32  4:43  Drone x3  
  32  4:44  Drone  
  36  5:02  Roach Warren  
  36  5:05  Overlord  
  35  5:09  Overlord  
  35  5:15  Drone  
  36  5:22  Overlord, Queen  
  36  5:25  Drone x4  
  42  5:36  Spine Crawler  
  42  5:40  Spine Crawler  
  40  5:44  Drone x4  
  44  5:57  Evolution Chamber  
  43  5:58  Drone x5  
  48  6:10  Drone  
  49  6:22  Drone  
  49  6:23  Drone  
  49  6:25  Drone  
  52  6:26  Drone x3, Extractor  
  52  6:32  Queen  
  56  6:33  Queen  
  56  6:34  Spine Crawler  
  56  6:38  Roach  
  59  6:45  Overlord x2  
  59  6:58  Spine Crawler  
  49  7:08  Drone x6  
  54  7:09  Drone x2  
  57  7:17  Zerg Missile Weapons Level 1  
  57  7:25  Drone  
  57  7:27  Spore Crawler  
  57  7:36  Roach x6  
  69  7:48  Drone  
  70  7:52  Roach x3  
  76  8:33  Overlord  
  76  8:34  Overlord x3  
  76  8:46  Lair  
  76  8:56  Roach  
  71  9:11  Zerg Ground Armor Level 1, Roach x2  
  71  9:13  Zergling x2  
  71  9:14  Zergling x12  
  80  9:40  Roach  
  80  9:41  Roach x2  
  85  9:59  Overseer  
  85  10:04  Extractor  
  85  10:05  Extractor  
  83  10:13  Overlord x2  
  83  10:15  Roach  
  83  10:16  Roach x2  
  83  10:17  Hatchery  
  70  10:42  Roach x3  
  70  10:44  Zergling x2  
  70  10:45  Zergling x18  
  64  11:13  Zerg Missile Weapons Level 2  
  64  11:17  Drone x2  
  64  11:18  Drone  
  67  11:21  Drone x6  
  67  11:23  Overseer  
  73  11:27  Overseer  
  73  11:35  Drone  
  73  11:36  Drone  
  73  11:37  Drone x4  
  73  11:39  Drone  
  81  11:40  Drone x2  
  81  11:41  Extractor  
  81  11:48  Drone x2  
  83  11:55  Drone x3  
  83  11:57  Hatchery  
  85  12:06  Spire  
  85  12:08  Queen  
  86  12:10  Drone x3, Extractor  
  86  12:15  Glial Reconstitution  
  88  12:22  Drone x7  
  95  12:25  Queen  
  97  12:50  Overseer  
  90  13:17  Spore Crawler  
  90  13:19  Spore Crawler  
  88  13:20  Mutalisk x4  
  88  13:21  Mutalisk x3  
  88  13:26  Roach x3  
  108  13:30  Drone  
  108  13:32  Drone x14  
  122  13:50  Mutalisk  
  124  13:57  Extractor  
  124  13:58  Extractor  
  122  14:07  Drone  
  122  14:08  Drone, Queen  
  126  14:12  Overlord x7, Spore Crawler  
  126  14:16  Spore Crawler  
  126  14:17  Overseer  
  124  14:18  Overseer  
  124  14:19  Overseer  
  124  14:20  Overseer  
Tags
 
Composition
Lurkers
Matchup
ZvZ
Race
Zerg
Replay Pack
Multiplayer
Spawn Locations
Cross Positions
Add a new tag
Caveats
  • Supply blocks, unpowered buildings, or Contaminate may cause inaccurate times.
  • Supply counts are checked every 10 seconds.